 Dungeon Crawl Stone Soup version 0.28.0-47-ge53b351184 (webtiles) character file.

Game seed: 17561402698190404871

63 HatHat the Skirmisher (level 3, 0/30 HPs)
             Began as a Demonspawn Chaos Knight on May 2, 2022.
             Was a Plaything of Xom.
             Slain by Jessica
             ... wielding a +0 club
              (2 damage)
             ... on level 2 of the Dungeon.
             The game lasted 00:05:35 (1010 turns).

HatHat the Skirmisher (Demonspawn Chaos Knight)     Turns: 1010, Time: 00:05:36

Health: 0/30       AC:  5    Str: 14    XL:     3   Next: 87%
Magic:  3/3        EV: 11    Int: 13    God:    Xom [......]
Gold:   35         SH:  0    Dex: 12    Spells: 2/2 levels left

rFire   . . .      SeeInvis .   a - +1 falchion (chaos)
rCold   . . .      Faith    .   (no shield)
rNeg    . . .      Spirit   .   b - +2 leather armour
rPois   .          Reflect  .   (helmet restricted)
rElec   .          Harm     .   (no cloak)
rCorr   .          Rampage  .   (no gloves)
Will    .....                   (no boots)
Stlth   +.........              (no amulet)
HPRegen 0.10/turn               (no ring)
MPRegen 0.08/turn               (no ring)

@: confused
A: horns 2
a: Renounce Religion


You were on level 2 of the Dungeon.
You worshipped Xom.
You were a very special plaything of Xom.
You visited 1 branch of the dungeon, and saw 2 of its levels.

You collected 35 gold pieces.

Inventory:

Hand Weapons
 a - a +1 falchion of chaos (weapon)
Armour
 b - a +2 leather armour (worn)
Scrolls
 c - 3 scrolls of fear
Potions
 d - a potion of attraction {unknown}


   Skills:
 + Level 3.9 Fighting
 + Level 3.2 Long Blades
 + Level 2.1 Armour
 + Level 1.4 Dodging


You had 2 spell levels left.
You didn't know any spells.
Your spell library was empty.

Dungeon Overview and Level Annotations

Branches:
Dungeon (2/15)

Altars:

Shops:
D:1 *

Annotations:
D:2 Jessica


Innate Abilities, Weirdness & Mutations

You have a pair of horns on your head.


Message History

The hobgoblin hits you.
* * * LOW HITPOINT WARNING * * *
A bat comes into view.
Jessica closely misses you. Jessica hits you but does no damage.
You see here a worm corpse.
You completely miss Jessica. Jessica closely misses you.
The hobgoblin hits you but does no damage.
You hit the hobgoblin.
You kill the hobgoblin!
The bat hits you but does no damage. The bat closely misses you.
Jessica gestures wildly.
Jessica casts a spell.
Jessica blinks!
You closely miss Jessica. The bat hits you.
* * * LOW HITPOINT WARNING * * *
The bat closely misses you. The bat barely misses you.
Jessica hits you with a +0 club.
* * * LOW HITPOINT WARNING * * *
You barely miss the bat. Your headbutt misses the bat. The bat hits you.
* * * LOW HITPOINT WARNING * * *
Jessica completely misses you. Jessica closely misses you.
Found a stone staircase leading down.
The bat barely misses you.
Jessica grins evilly.
Jessica barely misses you.
You hit Jessica. You burn Jessica.
Jessica is moderately wounded.
The bat barely misses you. The bat hits you but does no damage.
Jessica gestures wildly while chanting.
Jessica blinks!
The bat barely misses you.
You see here a worm corpse.
The bat hits you but does no damage.
Jessica shouts, "You are a ghastly nuisance!"
Xom titters.
You are confused.
The bat closely misses you. Jessica misses you. The bat misses you.
Jessica looks very angry.
Jessica hits you with a +0 club.
You die...
Xom guffaws!

#.## ...
..# ###..#
##..$.#
#....>
###...####
#...@..$.#
#.##@#)#.#
#..b.#
#.#....#
#.######
#.# #.#
#)# #.#
#.#


You could see Jessica (fast) and a bat.

Vanquished Creatures
  An adder (D:2)
  A worm (D:2)
  A dart slug (D:1)
  4 ball pythons (D:1)
  7 endoplasms (D:1)
  2 giant cockroaches (D:1)
  5 goblins (D:1)
  4 hobgoblins
  7 jackals (D:1)
  3 quokkas (D:1)
  2 bats (D:1)
  2 frilled lizards (D:1)
  2 kobolds
  A rat (D:1)
42 creatures vanquished.

Notes
Turn   | Place    | Note
-------+----------+-------------------------------------------
     0 | D:1      | HatHat the Demonspawn Chaos Knight began the quest for the
                  | Orb.
     0 | D:1      | Reached XP level 1. HP: 18/18 MP: 1/1
    20 | D:1      | XOM: silly message
    94 | D:1      | Gained mutation: You have a pair of small horns on your
                  | head. [demonic ancestry]
    94 | D:1      | Reached XP level 2. HP: 23/24 MP: 2/2
   115 | D:1      | Found Wirarph's Assorted Antiques.
   126 | D:1      | Reached skill level 1 in Dodging
   492 | D:1      | Gained mutation: You have a pair of horns on your head.
                  | [demonic ancestry]
   492 | D:1      | Reached XP level 3. HP: 30/30 MP: 3/3
   656 | D:1      | XOM: enchant monster (bad)
   661 | D:1      | XOM: silly message
   818 | D:1      | XOM: divination: detect items
   988 | D:2      | Noticed Jessica
  1010 | D:2      | XOM: confusion
  1010 | D:2      | Slain by Jessica

Illustrated notes

Levels and vault maps discovered:
D:1:      dpeg_arrival_water_altar, layout_basic, serial_shops,
          nicolae_square_shop, minmay_heptomino_d4
D:2:      layout_basic, shapermc_ecumenical_altar_hornbeckon,
          kennysheep_flooded_box, uniq_jessica

Skill      XL: |  1  2  3 |
---------------+----------+-----
Armour         | 2 |  2.1
Dodging        | 1 |  1.4
Long Blades    | 3 |  3.2
Fighting       | |  3.9

Action                   || total
-------------------------++-------
Melee: Falchion          ||   105
       Headbutt          ||    11
       Punch             ||     1
  Use: Scroll            ||     2
Armor: Leather armour    ||    66
Dodge: Dodged            ||    82
